 Dungeon Crawl Stone Soup version 0.31-a0-426-g3a05650e59 (webtiles) character file.

Game seed: 1703388711179634048

42 mopl the Slasher (level 3, -1/22 HPs)
             Began as a Tengu Warper on July 30, 2023.
             Frozen to death by an endoplasm (5 damage)
             ... on level 2 of the Dungeon.
             The game lasted 00:01:54 (877 turns).

mopl the Slasher (Tengu Warper)                      Turns: 877, Time: 00:01:55

Health: -1/22      AC:  5    Str: 13    XL:     3   Next: 54%
Magic:  7/7        EV: 11    Int: 13    God:
Gold:   76         SH:  0    Dex: 13    Spells: 2/6 levels left

rFire   . . .        a - +0 falchion
rCold   . . .        (no shield)
rNeg    . . .        g - +0 ring mail
rPois   .            (helmet restricted)
rElec   .            (no cloak)
rCorr   .            (no gloves)
SInv    .            (boots unavailable)
Will    .....        (no amulet)
Stlth   +            (no ring)
HPRegen 0.23/turn    (no ring)
MPRegen 0.10/turn

%: no passive effects
@: no status effects
A: beak, talons 3
a: no special abilities


You were on level 2 of the Dungeon.
You visited 1 branch of the dungeon, and saw 2 of its levels.

You collected 76 gold pieces.

Inventory:

Hand Weapons
 a - a +0 falchion (weapon)
Missiles
 d - 7 darts of dispersal (quivered)
Armour
 g - a +0 ring mail (worn)
Scrolls
 c - a scroll of blinking
 e - a scroll of enchant weapon {unknown}
 f - a scroll of fear {unknown}
 j - a scroll of enchant armour {unknown}
Potions
 b - a potion of berserk rage {unknown}
 h - a potion of resistance {unknown}
 i - a potion of might {unknown}


   Skills:
 + Level 2.3 Fighting
 * Level 2.9 Long Blades
 - Level 1.0 Throwing
 + Level 1.6 Armour
 + Level 2.4 Dodging
 + Level 2.2 Spellcasting
 + Level 2.6 Translocations


You had 2 spell levels left.
You knew the following spells:

 Your Spells              Type           Power      Damage    Failure   Level
b - Lesser Beckoning      Tloc           16%        N/A       26%         2
e - Blink                 Tloc           16%        N/A       26%         2

Your spell library contained the following spells:

 Spells                   Type           Power      Damage    Failure   Level
 Teleport Other           Tloc           8%         N/A       47%         3
 Vhi's Electric Charge    Tloc/Air       8%         N/A       67%         3
 Manifold Assault         Tloc           8%         N/A       87%         4


Dungeon Overview and Level Annotations

Branches:
Dungeon (2/15)

Altars:


Innate Abilities, Weirdness & Mutations

You have a beak for a mouth.
You have claws for feet.


Message History

There is a stone staircase leading up here.
The endoplasm barely misses you.
You climb upwards.
There is a stone staircase leading down here.
You hit the endoplasm.
You kill the endoplasm!
You start resting.
HP restored.
There is a stone staircase leading down here.
You climb downwards.
The goblin unwields a +0 sling.
The goblin wields a +0 club.
The goblin hits you with a +0 club. The goblin hits you but does no damage.
The endoplasm freezes you.
You are frozen.
The hobgoblin closely misses you.
There is a stone staircase leading up, spattered with blood here.
You hit the goblin. You peck the goblin, but do no damage.
The goblin is severely wounded.
The goblin hits you but does no damage. The goblin hits you with a +0 club.
The endoplasm barely misses you.
The hobgoblin hits you but does no damage.
You hit the goblin.
You kill the goblin!
The goblin barely misses you. The hobgoblin barely misses you.
The endoplasm barely misses you. The goblin hits you with a +0 club.
You are too injured to fight recklessly!
You are too injured to fight recklessly!
You are too injured to fight recklessly!
You are too injured to fight recklessly!
The endoplasm attacks as you move away! The endoplasm closely misses you.
The goblin attacks as you move away! The goblin barely misses you.
You see here a +0 club.
You hit the hobgoblin.
You kill the hobgoblin!
The endoplasm freezes you.
You are frozen.
* * * LOW HITPOINT WARNING * * *
The goblin hits you but does no damage. The endoplasm freezes you.
You are frozen.
You die...

.......... #..........#
#.............$..
.................
..#..............
#.#..............
#.#.............$
#.#..............
##@J.............#
#..g..............
###..(†..###....#..
#..(.....#...##.#
#.##.....#.#g# .#
###.###.###.>#J##.# #
#...#..........g#.###.#
#.###)........#....g...
#.#...........##.......


You could see an endoplasm and a goblin.

Vanquished Creatures
  A worm (D:2)
  A dart slug (D:1)
  4 bats (D:1)
  2 endoplasms (D:1)
  5 goblins
  4 hobgoblins
  6 jackals (D:1)
  3 ball pythons (D:1)
  4 frilled lizards (D:1)
  2 kobolds
  4 rats (D:1)
36 creatures vanquished.

Notes
Turn   | Place    | Note
-------+----------+-------------------------------------------
     0 | D:1      | mopl the Tengu Warper began the quest for the Orb.
     0 | D:1      | Reached XP level 1. HP: 12/12 MP: 4/4
    73 | D:1      | Reached XP level 2. HP: 11/17 MP: 6/6
   282 | D:1      | Reached XP level 3. HP: 21/21 MP: 7/7
   514 | D:1      | Learned a level 2 spell: Blink
   517 | D:1      | Learned a level 2 spell: Lesser Beckoning
   877 | D:2      | Frozen to death by an endoplasm

Illustrated notes

Levels and vault maps discovered:
D:1:      dpeg_arrival_court, layout_basic
D:2:      layout_rooms, dreamdust_mushroom_princess

Action                     || total
---------------------------++-------
  Melee: Falchion          ||    87
         Kick              ||    24
         Peck              ||     9
 Armour: Leather armour    ||    15
         Ring mail         ||    19
  Dodge: Dodged            ||    71

Table legend: (Time is in decaauts)
 A = Elapsed time spent in this place.
 B = Non-inter-level travel time spent in this place.
 C = Inter-level travel time spent in this place.
 D = Time resting spent in this place.
 E = Time spent auto-exploring this place.
 F = Levels seen in this place.
 G = Mean time per level.
                   A        B        C        D        E       F      G
               +--------+--------+--------+--------+--------+-----+--------+
         Total |    892 |    856 |     36 |     48 |    570 |   2 |  446.0 |
       Dungeon |    892 |    856 |     36 |     48 |    570 |   2 |  446.0 |
               +--------+--------+--------+--------+--------+-----+--------+

Top non-repeatable levels by time:
     D:1: 822 daAuts
     D:2: 70 daAuts
